 Dungeon Crawl Stone Soup version 0.28.0-45-g0d030f2227 (console) character file.

Game seed: 12891430622668798404

16116 Cab the Severer (level 12, -1/81 HPs)
             Began as a Demonspawn Fighter on Apr 21, 2022.
             Was an Elder of Hepliaklqana.
             Slain by a 12-headed hydra (5 damage)
             ... on level 3 of the Lair of Beasts.
             The game lasted 00:56:04 (12252 turns).

Cab the Severer (Demonspawn Fighter)               Turns: 12252, Time: 00:56:04

Health: -1/81      AC: 20    Str: 21    XL:     12   Next: 7%
Magic:  12/12      EV: 23    Int: 16    God:    Hepliaklqana [****..]
Gold:   601        SH:  4    Dex: 15    Spells: 11/11 levels left

rFire   . . .      SeeInvis +   r - +4 battleaxe (vorpal)
rCold   + . .      Faith    .   (shield currently unavailable)
rNeg    + + .      Spirit   .   p - +1 chain mail of Bitterness {rPois Regen+ Dex-2 SInv}
rPois   +          Reflect  .   d - +2 helmet "Monluyjabb" {Int+3 Dex+4}
rElec   .          Harm     .   o - +0 cloak
rCorr   .          Rampage  .   y - +0 pair of gloves
Will    .....                   (no boots)
Stlth   ..........              g - amulet of the acrobat
HPRegen 1.03/turn               q - ring of positive energy
MPRegen 0.13/turn               b - ring "Doicuek" {+Blink rC+ rN+ Int+3}

@: acrobatic
A: reduced essence, claws 2, yellow scales 2, powered by death 1, condensation
shield
a: Renounce Religion, Evoke Blink, Recall Ancestor, Ancestor Identity,
Transference, Idealise


You were on level 3 of the Lair of Beasts.
You worshipped Hepliaklqana.
Hepliaklqana was greatly pleased with you.
You visited 3 branches of the dungeon, and saw 13 of its levels.

You collected 601 gold pieces.

Inventory:

Hand Weapons
 a - a +1 war axe
 r - a +4 vorpal battleaxe (weapon)
 w - the +11 short sword "String" {vorpal, rElec rC- Will++ Dex-3}
   (You found it on level 9 of the Dungeon)

   It inflicts extra damage upon your enemies.
   Dex:       It affects your dexterity (-3).
   rC:        It makes you vulnerable to cold.
   rElec:     It insulates you from electricity.
   Will:      It greatly increases your willpower.
Missiles
 n - 46 poisoned darts (quivered)
Armour
 d - the +2 helmet "Monluyjabb" (worn) {Int+3 Dex+4}
   (You took it off Robin on level 3 of the Dungeon)

   Int:       It affects your intelligence (+3).
   Dex:       It affects your dexterity (+4).
 o - a +0 cloak (worn)
 p - the +1 chain mail of Bitterness (worn) {rPois Regen+ Dex-2 SInv}
   (You found it on level 6 of the Dungeon)

   Dex:       It affects your dexterity (-2).
   rPois:     It protects you from poison.
   SInv:      It lets you see invisible.
   Regen:     It increases your rate of health regeneration.
 y - a +0 pair of gloves (worn)
Jewellery
 b - the ring "Doicuek" (right hand) {+Blink rC+ rN+ Int+3}
   (You acquired it on level 7 of the Dungeon)

   [ring of protection from cold]

   Int:       It affects your intelligence (+3).
   rC:        It protects you from cold.
   rN:        It protects you from negative energy.
   +Blink:    It lets you blink.
 g - an amulet of the acrobat (around neck)
 q - a ring of positive energy (left hand)
Wands
 c - a wand of mindburst (7)
 j - a wand of iceblast (7)
 v - a wand of paralysis (10)
Scrolls
 e - 5 scrolls of teleportation
 f - 4 scrolls of immolation
 h - 4 scrolls of identify
 i - 4 scrolls of amnesia
 k - 4 scrolls of fog
 l - 2 scrolls of magic mapping
 t - a scroll of vulnerability {unknown}
 u - a scroll of holy word {unknown}
Potions
 m - a potion of mutation
 s - a potion of lignification
 x - a potion of degeneration {unknown}
 z - 3 potions of heal wounds {unknown}
 A - a potion of might
 B - a potion of curing


   Skills:
 + Level 7.6 Fighting
 * Level 15.9 Axes
 - Level 0.6 Throwing
 + Level 6.2 Armour
 - Level 2.6 Shields
 + Level 0.4 Evocations


You had 11 spell levels left.
You didn't know any spells.
Your spell library contained the following spells:

 Spells                   Type           Power      Damage    Failure   Level
 Scorch                   Fire           0%         2d5       97%         2
 Ignite Poison            Fire/Tmut/Pois 0%         N/A       99%         3
 Mephitic Cloud           Conj/Pois/Air  0%         N/A       99%         3
 Flame Wave               Conj/Fire      0%         2d4       100%        4
 Freezing Cloud           Conj/Ice/Air   0%         6-21      100%        5
 Summon Cactus Giant      Summ           0%         N/A       100%        6


Dungeon Overview and Level Annotations

Branches:
Dungeon (9/15)             Temple (1/1) D:5            Lair (3/6) D:9
  Swamp: Lair:2-4    Shoals: Lair:2-4     Snake: Lair:2-4    Spider: Lair:2-4
    Orc: D:9-12

Altars:
Ashenzari
Cheibriados
Dithmenos
Elyvilon
Fedhas
Gozag
Hepliaklqana
Kikubaaqudgha
Nemelex Xobeh
Qazlal
Sif Muna
Trog
Uskayaw
Vehumet
Wu Jian
Xom
Yredelemnul
Zin
The Shining One

Shops:
D:3 (   D:6 *   D:8 (

Annotations:
D:3 Grinder
D:4 exclusion: statue
D:8 1 runed translucent door, Faeu's ghost, novice MiFi


Innate Abilities, Weirdness & Mutations

Your life essence is reduced to manifest your ancestor. (-10% HP)
You have very sharp fingernails.
You are mostly covered in yellow scales. (AC +3)
You regenerate a little health from kills.
A meltable shield of frost defends you. (SH +4)


Message History

The ten-headed hydra grows two more!
You slash the 12-headed hydra!
The 12-headed hydra is heavily wounded.
The 12-headed hydra bites you.
The 12-headed hydra bites you but does no damage.
The 12-headed hydra barely misses you. The 12-headed hydra closely misses you.
The 12-headed hydra completely misses you.
The 12-headed hydra bites you but does no damage.
The 12-headed hydra bites you! The 12-headed hydra bites you.
The 12-headed hydra bites you but does no damage. x3
The 12-headed hydra bites you!
You are too injured to fight recklessly!
Unknown command.
You are too injured to fight recklessly!
Unknown command.
You are too injured to fight recklessly!
Unknown command.
You are too injured to fight recklessly!
Unknown command.
Unknown command.
Press: ? - help, v - describe, . - travel
Here: a 12-headed hydra (heavily wounded)
The floor, spattered with blood.
The blink frog blinks!
Beldrama barely misses the blink frog.
You block the blink frog's attack.
Beldrama blocks the blink frog's attack.
The blink frog hits you!
* * * LOW HITPOINT WARNING * * *
The blink frog blinks!
Beldrama misses the blink frog.
The blink frog completely misses Beldrama.
Beldrama hits the blink frog with a +0 flail!
Beldrama blocks the blink frog's attack.
Beldrama blocks something's attack.
Beldrama closely misses the 12-headed hydra.
The blink frog hits you but does no damage.
The blink frog completely misses you. The 12-headed hydra bites you!
* * * LOW HITPOINT WARNING * * *
The 12-headed hydra completely misses you.
The 12-headed hydra bites you.
You die...

▒∙∙∙∙∙∙∙∙∙∙∙∙∙∙∙∙∙∙▒▒∙∙∙∙∙∙
▒▒∙▒∙∙∙∙∙∙∙∙∙∙∙∙∙∙▒▒∙∙P∙∙∙∙
▒▒∙▒▒▒∙▒▒▒∙∙∙∙∙∙∙∙∙∙▒▒∙∙∙∙
▒P∙∙▒▒∙∙∙∙∙∙∙∙∙▒∙∙∙∙∙∙∙∙∙∙∙
▒∙∙∙∙∙∙∙∙∙∙∙∙∙∙∙∙∙∙∙F∙∙∙∙∙∙
▒▒∙∙∙∙∙∙∙∙∙∙∙∙∙∙∙∙∙∙∙∙∙∙∙∙∙∙
▒∙∙∙∙∙P∙∙∙▒∙∙∙∙R▒∙∙∙∙PP∙P∙∙∙
▒∙∙∙▒∙∙∙∙∙∙∙∙∙∙FD∙∙∙∙∙∙P∙▒∙∙
▒▒∙∙∙∙∙∙∙∙∙∙∙∙∙∙@F∙∙∙∙∙∙∙∙∙∙∙
▒∙∙∙∙∙∙∙∙∙∙∙∙∙∙∙∙∙∙∙∙∙∙∙∙∙∙∙
▒∙∙∙∙∙∙∙∙∙∙∙∙∙▒▒∙∙∙∙∙∙∙∙∙∙P∙
∙∙∙∙∙∙∙∙∙∙∙∙P≈≈∙∙∙∙∙∙∙∙∙∙∙▒
∙∙∙∙∙∙∙∙∙∙∙∙▒≈≈▒∙∙∙∙∙∙∙∙∙∙
∙∙∙∙∙∙∙∙∙∙∙∙∙▒≈(∙∙∙∙∙∙∙∙∙∙


∙∙∙∙∙∙∙∙∙∙∙∙∙∙∙∙∙∙∙∙∙∙∙∙∙ ∙∙∙∙(∙∙∙∙∙∙∙∙∙∙∙∙∙∙∙∙∙∙∙ ∙∙∙∙∙∙▒∙∙∙∙∙ You could see
the friendly Beldrama the knight, a 12-headed hydra (ally target) and 3 blink
frogs.

Vanquished Creatures
  A boulder beetle (Lair:3)
  A two-headed ogre (D:9)
  A deep elf pyromancer (D:7)
  A black mamba (Lair:3)
  Maggie (D:7)
  A kobold demonologist (D:9)
  6 komodo dragons
  5 blink frogs
  Eustachio (D:4)
  Sigmund (D:5)
  3 wyverns
  A shadow (D:9)
  A basilisk (Lair:3)
  22 yaks
  Menkaure (D:4)
  2 water moccasins (Lair:1)
  A hornet zombie (D:5)
  An orc warrior (D:8)
  An ice beast (D:6)
  2 sky beasts
  3 black bears
  2 necrophages
  2 ogres
  2 phantoms
  6 kobold brigands
  2 gnoll sergeants
  3 scorpions
  4 bullfrogs
  2 water moccasin zombies (D:5)
  2 water moccasin skeletons
  6 killer bees (D:9)
  4 wights (D:7)
  2 howler monkeys
  2 bullfrog zombies (D:5)
  A bullfrog skeleton (D:5)
  Crazy Yiuf (D:3)
  A centaur skeleton (D:7)
  3 orc priests
  4 hounds
  Terence (D:3)
  Jessica (D:3)
  3 iguanas
  A scorpion zombie (D:5)
  4 orc wizards
  A howler monkey zombie (D:7)
  Robin (D:3)
  8 gnolls
  8 adders
  A shadow imp (D:6)
  A white imp (D:7)
  An ufetubus (D:6)
  An adder skeleton (D:4)
  3 worms (D:2)
  2 dart slugs (D:1)
  12 orcs
  7 ball pythons
  4 bats
  7 endoplasms
  3 giant cockroaches (D:1)
  11 goblins
  6 hobgoblins
  2 jackals (D:2)
  3 quokkas
  7 frilled lizards
  25 kobolds
  3 rats (D:2)
233 creatures vanquished.

Vanquished Creatures (collateral kills)
  A rime drake (Lair:1)
  2 komodo dragons (Lair:2)
  A blink frog (Lair:2)
  A basilisk (Lair:2)
  7 yaks
  A steam dragon (D:8)
  A hornet zombie (D:7)
  4 black bears
  A centaur (D:9)
  A kobold brigand (D:9)
  2 killer bees (D:9)
  An orc wizard (D:9)
  5 orcs
  4 kobolds
32 creatures vanquished.

Vanquished Creatures (others)
  5 knights
  2 ancestors
  7 fungi (Lair:2)
  4 plants
18 creatures vanquished.

Grand Total: 283 creatures vanquished

Notes
Turn   | Place    | Note
-------+----------+-------------------------------------------
     0 | D:1      | Cab the Demonspawn Fighter began the quest for the Orb.
     0 | D:1      | Reached XP level 1. HP: 18/18 MP: 1/1
    49 | D:1      | Reached skill level 2 in Axes
   100 | D:1      | Gained mutation: You are partially covered in yellow
                  | scales. (AC +2) [demonic ancestry]
   100 | D:1      | Reached XP level 2. HP: 23/24 MP: 2/2
   612 | D:1      | Reached skill level 3 in Axes
   938 | D:2      | Reached XP level 3. HP: 9/29 MP: 3/3
  1326 | D:2      | Found a faded altar of an unknown god.
  1461 | D:2      | Reached XP level 4. HP: 22/35 MP: 4/4
  1641 | D:2      | Reached skill level 4 in Axes
  2160 | D:3      | Identified the +2 helmet "Monluyjabb" {Int+3 Dex+4}
  2160 | D:3      | Noticed Robin
  2178 | D:3      | Killed Robin
  2484 | D:3      | Noticed Terence
  2497 | D:3      | Killed Terence
  2608 | D:3      | Noticed Jessica
  2616 | D:3      | Killed Jessica
  2617 | D:3      | Gained mutation: You regenerate a little health from kills.
                  | [demonic ancestry]
  2617 | D:3      | Reached XP level 5. HP: 38/41 MP: 5/5
  2673 | D:3      | Noticed Grinder
  2815 | D:4      | Noticed Eustachio
  2847 | D:4      | HP: 2/41 [shadow imp/nerve-wracking pain[Eustachio] (1)]
  2849 | D:4      | Killed Eustachio
  2850 | D:4      | Reached skill level 6 in Axes
  2850 | D:4      | Gained mutation: You have sharp fingernails. [demonic
                  | ancestry]
  2850 | D:4      | Reached XP level 6. HP: 4/47 MP: 6/6
  3165 | D:4      | Found a radiant altar of Vehumet.
  3729 | D:3      | Found a runed translucent door.
  3730 | D:3      | Noticed Crazy Yiuf
  3742 | D:3      | Killed Crazy Yiuf
  4078 | D:3      | Found Duulapp's Antique Weapon Boutique.
  4390 | D:4      | Reached skill level 7 in Axes
  4603 | D:4      | Identified the +2 pair of gloves "Sutijam" {Str-2 Int+5}
  4612 | D:4      | Noticed Menkaure
  4616 | D:4      | Killed Menkaure
  4617 | D:4      | Reached XP level 7. HP: 40/52 MP: 7/7
  5115 | D:5      | Entered Level 5 of the Dungeon
  5146 | D:5      | Noticed Sigmund
  5163 | D:5      | Killed Sigmund
  5164 | D:5      | Reached skill level 8 in Axes
  5305 | D:5      | Reached XP level 8. HP: 38/58 MP: 8/8
  5550 | D:5      | Found a staircase to the Ecumenical Temple.
  5576 | D:5      | Reached skill level 9 in Axes
  5772 | D:5      | Found a basalt altar of Yredelemnul.
  5873 | D:5      | Reached skill level 10 in Axes
  6076 | Temple   | Entered the Ecumenical Temple
  6135 | Temple   | Became a worshipper of Hepliaklqana the Forgotten
  6649 | D:6      | Reached XP level 9. HP: 56/63 MP: 9/9
  6685 | D:6      | Found Amoliarr's Serpentskin Sales.
  6757 | D:6      | Found an opulent altar of Gozag.
  6773 | D:6      | Reached skill level 11 in Axes
  7006 | D:6      | Found a blossoming altar of Fedhas.
  7179 | D:6      | Found a shadowy altar of Dithmenos.
  7340 | D:6      | Identified the +1 chain mail of Bitterness {rPois Regen+
                  | Dex-2 SInv}
  7443 | D:7      | Reached * piety under Hepliaklqana
  7771 | D:7      | Identified a scroll of acquirement
  7773 | D:7      | Acquired the ring "Doicuek" {+Blink rC+ rN+ Int+3}
  7801 | D:7      | Noticed Maggie
  7818 | D:7      | Killed Maggie
  7819 | D:7      | Reached skill level 12 in Axes
  7847 | D:7      | Found a hide-covered altar of Uskayaw.
  8057 | D:7      | Noticed a deep elf pyromancer
  8072 | D:7      | Killed a deep elf pyromancer
  8518 | D:8      | Found Yxtapam's Weapon Boutique.
  8521 | D:8      | Reached skill level 13 in Axes
  8579 | D:8      | Gained mutation: A meltable shield of frost defends you.
                  | (SH +4) [demonic ancestry]
  8579 | D:8      | Reached XP level 10. HP: 40/63 MP: 10/10
  8802 | D:8      | Found a runed translucent door.
  8802 | D:8      | Found a shimmering altar of Xom.
  8802 | D:8      | Noticed Faeu's ghost (novice MiFi)
  8802 | D:8      | Noticed a +2 trident of chaos
  8846 | D:8      | Found a bloodstained altar of Trog.
  9045 | D:9      | Reached ** piety under Hepliaklqana
  9046 | D:9      | Remembered your ancestor Beldrama as a knight
  9090 | D:9      | Found a staircase to the Lair.
  9213 | D:9      | Identified the +11 short sword "String" {vorpal, rElec rC-
                  | Will++ Dex-3}
  9292 | D:9      | Reached skill level 14 in Axes
  9329 | D:9      | Reached skill level 5 in Fighting
  9346 | D:9      | Noticed a two-headed ogre
  9435 | D:9      | Killed a two-headed ogre
  9745 | D:9      | Found a broken altar of Ashenzari.
  9747 | D:9      | Found a shimmering blue altar of Sif Muna.
  9931 | D:9      | Reached *** piety under Hepliaklqana
  9959 | Lair:1   | Entered Level 1 of the Lair of Beasts
 10124 | Lair:1   | Gained mutation: You have very sharp fingernails. [demonic
                  | ancestry]
 10124 | Lair:1   | Reached XP level 11. HP: 71/72 MP: 11/11
 10771 | Lair:2   | Reached skill level 15 in Axes
 10954 | Lair:1   | Reached skill level 5 in Armour
 11402 | Lair:2   | Reached **** piety under Hepliaklqana
 12055 | Lair:3   | Noticed a boulder beetle
 12083 | Lair:3   | Killed a boulder beetle
 12084 | Lair:3   | Gained mutation: You are mostly covered in yellow scales.
                  | (AC +3) [demonic ancestry]
 12084 | Lair:3   | Reached XP level 12. HP: 81/81 MP: 12/12
 12237 | Lair:3   | Noticed an eight-headed hydra
 12252 | Lair:3   | HP: 4/81 [12-headed hydra (9)]
 12252 | Lair:3   | Slain by a 12-headed hydra

Illustrated notes

Levels and vault maps discovered:
D:1:      dpeg_arrival_rhombi, layout_loops_ring
D:2:      layout_loops_ring, hellmonk_ecumenical_altar_heavens_door
D:3:      layout_basic, serial_shops, shop, uniq_jessica,
          uniq_crazy_yiuf_cottage, uniq_grinder, uniq_robin, uniq_terence
D:4:      layout_loops_corners, vehumet_statue, lightli_minifort,
          uniq_eustachio, uniq_menkaure
D:5:      layout_gridville, nicolae_yredelemnul_corpse_copse,
          minmay_temple_entry_tees, kennysheep_generic_room_12, uniq_sigmund
D:6:      layout_basic, grunt_temple_overflow_gold_and_silver,
          nicolae_overflow_hidden_temple, fedhas_altar_1, guppyfry_shop_venom
D:7:      layout_basic, lemuel_tele_altar, serial_glass, glass_columns_b,
          glass_columns_a, nicolae_benzene_ring, chequers_serial_rivers_room_b,
          uniq_maggie
D:8:      layout_rooms, trog_book, ebering_ghost_xom, serial_shops,
          nicolae_stop_n_shop_2
D:9:      nicolae_cairo_tiling_very_big, layout_long_grid, minitemple,
          kennysheep_generic_room_14
Temple:   nicolae_temple_figure_zero
Lair:1:   layout_cave_pods, beast_lair_carwin_6
Lair:2:   layout_regular_city, cheibrodos_lair_caveside_slide,
          infiniplex_staircase_pool_2
Lair:3:   layout_gridlike

Skill      XL: |  1  2  3  4  5  6  7  8  9 10 11 |
---------------+----------------------------------+-----
Axes           | 2 3 4 6 7 8 10 13 14 15 | 15.9
Fighting       | 5 7 |  7.6
Armour         | 4 6 |  6.2
Throwing       | |  0.6
Shields        | |  2.6
Evocations     | |  0.4

Action                   |  1- 3 |  4- 6 |  7- 9 | 10-12 || total
-------------------------+-------+-------+-------+-------++-------
Melee: War axe           |   125 |   151 |   247 |       ||   523
       Battleaxe         |       |       |    77 |   319 ||   396
Throw: Dart              |       |     1 |    11 |    24 ||    36
       Throwing net      |       |     1 |       |       ||     1
Invok: Ancestor Identity |       |       |     1 |       ||     1
       Ancestor Life: Kn |       |       |       |     1 ||     1
       Recall Ancestor   |       |       |       |     1 ||     1
 Abil: Evoke Blink       |       |       |       |     1 ||     1
Evoke: Wand              |       |       |       |     2 ||     2
  Use: Potion            |       |     3 |     2 |     2 ||     7
       Scroll            |       |       |    12 |     3 ||    15
 Stab: Distracted        |       |       |     1 |     4 ||     5
Armor: Scale mail        |    66 |    84 |   100 |       ||   250
       Chain mail        |       |       |    44 |   187 ||   231
Dodge: Dodged            |    60 |    61 |   113 |   144 ||   378
Block: Buckler           |    27 |    43 |    59 |       ||   129
       Other             |       |       |       |    50 ||    50
